 Dungeon Crawl Stone Soup version 0.19-a0-1384-gbb462ca (webtiles) character file.

72 PurpleRed the Conjurer (level 4, -3/24 HPs)
             Began as a Deep Elf Conjurer on Sept 3, 2016.
             Slain by a worker ant (8 damage)
             ... on level 4 of the Dungeon.
             The game lasted 00:04:07 (583 turns).

PurpleRed the Conjurer (Deep Elf Conjurer)           Turns: 583, Time: 00:04:08

Health: -3/24      AC:  2    Str: 10    XL:     4   Next: 7%
Magic:  0/12       EV: 13    Int: 21    God:
Gold:   109        SH:  0    Dex: 15    Spells: 2 memorised, 8 levels left

rFire  + . .     SeeInvis .     l - +0 falchion
rCold  + . .     Gourm    .     a - +0 robe
rNeg   . . .     Faith    .     (no shield)
rPois  +         Spirit   .     (no helmet)
rElec  +         Dismiss  .     (no cloak)
rCorr  +         Reflect  .     (no gloves)
MR     .....     Harm     .     (no boots)
Stlth  ++........               (no amulet)
                                (no ring)
                                h - +5 ring of strength

@: resistant
A: no striking features
a: no special abilities


You were on level 4 of the Dungeon.
You were not hungry.

You visited 1 branch of the dungeon, and saw 4 of its levels.

You collected 109 gold pieces.

Inventory:

Hand Weapons
 d - a +0 dagger
 g - a +0 short sword
 l - a +0 falchion (weapon)
Armour
 a - a +0 robe (worn)
Jewellery
 h - a +5 ring of strength (left hand)
Scrolls
 e - 2 scrolls of remove curse {unknown}
 f - a scroll of teleportation {unknown}
 i - a scroll of amnesia {unknown}
 k - a scroll of fear {unknown}
Potions
 j - a potion of flight {unknown}
 m - a potion of resistance
 o - a potion of invisibility {unknown}
Books
 b - a book of Conjurations

   Spells                             Type                      Level
   a - Magic Dart                     Conjuration                  1
   b - Searing Ray                    Conjuration                  2
   c - Dazzling Spray                 Conjuration/Hexes            3
   d - Fulminant Prism                Conjuration/Hexes            4
   e - Iskenderun's Mystic Blast      Conjuration                  4
   f - Iskenderun's Battlesphere      Conjuration/Charms           5
Comestibles
 c - 3 bread rations
 n - a beef jerky


   Skills:
 - Level 2.4 Dodging
 - Level 2.4 Stealth
 + Level 4.0 Spellcasting
 * Level 5.7 Conjurations


You had 8 spell levels left.
You knew the following spells:

 Your Spells              Type           Power        Failure   Level  Hunger
a - Magic Dart            Conj           ####         1%          1    None
b - Searing Ray           Conj           ####..       1%          2    #......


Dungeon Overview and Level Annotations

Branches:
Dungeon (4/15)
 Temple: D:4-7

Altars:
Dithmenos
Qazlal


Message History

The searing ray hits the worker ant.
The worker ant is moderately wounded.
The searing ray misses the worker ant.
You finish channeling your searing ray.
The worker ant closely misses you.
Casting: Searing Ray
Confirm with . or Enter, or press ? or * to list all spells.
Aiming: Magic Dart
Press: ? - help, Shift-Dir - straight line, f/p - worker ant
Aim: a worker ant (moderately wounded)
The magic dart hits the worker ant.
The worker ant is heavily wounded.
The worker ant closely misses you.
You riposte.
You barely miss the worker ant.
The worker ant is heavily wounded.
The worker ant misses you.
You riposte.
You hit the worker ant but do no damage.
The worker ant is moderately wounded.
It was a potion of resistance.
You feel protected. The worker ant bites you!
You die...

########################
#................^....))
.#####
#.######################
......# #.# ....... #.#
.....8. #.#
.......###.#############
..>............a@.......
.......$...#.###########
.......#?###.#
.......#.# #.#
.....8.#.# #.#
.......#.# #.#
######...# #.# ###.# #.#
..


You could see a worker ant.

Vanquished Creatures
  An orc wizard (D:4)
  2 adders
  An adder skeleton (D:4)
  A worm (D:2)
  A dart slug (D:2)
  3 giant geckos
  2 orcs (D:4)
  A bat (D:2)
  A giant cockroach (D:2)
  2 goblins (D:2)
  2 hobgoblins
  3 giant newts
  A kobold (D:1)
21 creatures vanquished.

Notes
Turn   | Place    | Note
-------+----------+-------------------------------------------
     0 | D:1      | PurpleRed the Deep Elf Conjurer began the quest for the Orb.
     0 | D:1      | Reached XP level 1. HP: 10/10 MP: 6/6
    91 | D:2      | Reached XP level 2. HP: 15/15 MP: 0/8
    97 | D:2      | Learned a level 2 spell: Searing Ray
   183 | D:2      | Reached skill level 5 in Conjurations
   239 | D:2      | Reached XP level 3. HP: 17/19 MP: 1/10
   466 | D:4      | Found a stormy altar of Qazlal.
   475 | D:4      | Found a shadowy altar of Dithmenos.
   538 | D:4      | Reached XP level 4. HP: 1/24 MP: 1/12
   583 | D:4      | Slain by a worker ant

Vault maps used:
D:1:      noname_arrival_rooms_in_the_neighbourhood
D:4:      grunt_temple_overflow_open, first_bread, st_stairs_1

Skill      XL: |  1  2  3 |
---------------+----------+-----
Conjurations   | 5 |  5.7
Spellcasting   | 4 |  4.0
Dodging        | |  2.4
Stealth        | |  2.4

Action                   |  1- 3 |  4- 6 || total
-------------------------+-------+-------++-------
Melee: Short sword       |     2 |       ||     2
       Dagger            |     1 |       ||     1
       Falchion          |     9 |     2 ||    11
 Cast: Magic Dart        |    24 |     1 ||    25
       Searing Ray       |     4 |     1 ||     5
  Use: Potion            |       |     1 ||     1
Armor: Robe              |     3 |       ||     3
Dodge: Dodged            |     7 |     3 ||    10
